 Dungeon Crawl Stone Soup version 0.28-a0-1624-g820543e53a (webtiles) character file.

Game seed: 15922720602710270288

8342 issech the Basher (level 11, -10/96 HPs)
             Began as a Troll Monk on Jan 24, 2022.
             Was a Priest of Hepliaklqana.
             Mangled by a wyvern (14 damage)
             ... on level 9 of the Dungeon.
             The game lasted 00:46:24 (8177 turns).

issech the Basher (Troll Monk)                      Turns: 8177, Time: 00:46:24

Health: -10/96     AC:  6    Str: 21    XL:     11   Next: 8%
Magic:  10/10      EV: 13    Int:  6    God:    Hepliaklqana [***...]
Gold:   603        SH:  0    Dex: 16    Spells: 10/10 levels left

rFire   + . .      SeeInvis +   I - +6 mace (freeze)
rCold   + . .      Faith    .   (no shield)
rNeg    . . .      Spirit   .   M - +2 robe {rC+ rF+}
rPois   .          Reflect  .   (helmet restricted)
rElec   .          Harm     .   (no cloak)
rCorr   .          Rampage  .   (gloves unavailable)
Will    .....                   (boots unavailable)
Stlth   +++.......              (no amulet)
HPRegen 1.06/turn               j - ring of see invisible
MPRegen 0.12/turn               w - ring of wizardry

@: mighty, lethally poisoned (-10 -> -11)
A: reduced essence, large, unfitting armour, claws 3, regeneration 1, shaggy fur
1, tough skin 1
a: Renounce Religion, Recall Ancestor, Ancestor Identity, Transference


You were on level 9 of the Dungeon.
You worshipped Hepliaklqana.
Hepliaklqana was most pleased with you.
You visited 2 branches of the dungeon, and saw 10 of its levels.
You also visited: Bailey.

You collected 603 gold pieces.

Inventory:

Hand Weapons
 a - a +2 whip of electrocution
 b - a +3 scimitar of flaming
 c - a +2 flail of protection
 e - a +0 hunting sling
 p - a +3 spear
 t - a +2 dagger of venom
 y - a +0 giant spiked club
 z - a +0 longbow
 A - a +2 falchion of protection
 F - a +0 dagger of venom
 H - a +2 great sword of freezing
 I - a +6 mace of freezing (weapon)
 J - a +4 spear
 K - a +3 trident
 O - a +4 vorpal spear
Missiles
 f - 107 sling bullets
 g - 128 arrows
 h - 270 stones (quivered)
 q - 25 bolts
 C - 8 javelins
 D - 2 boomerangs
 G - 4 large rocks
 P - 6 poisoned darts
Armour
 o - a +0 animal skin
 L - the +15 Maxwell's patent armour {-Cast -Tele rElec Will+ rCorr}
   (You found it in a bailey)

   rElec:     It insulates you from electricity.
   -Cast:     It prevents spellcasting.
   -Tele:     It prevents most forms of teleportation.
   rCorr:     It protects you from acid and corrosion.
   Will:      It increases your willpower.
 M - a +2 robe of resistance (worn)
 N - a +2 barding of flying
Magical Staves
 k - a staff of air
 m - a staff of fire
Jewellery
 j - a ring of see invisible (left claw)
 w - a ring of wizardry (right claw)
Wands
 s - a wand of polymorph (11)
 x - a wand of iceblast (11)
 E - a wand of paralysis (9)
Scrolls
 B - 3 scrolls of teleportation
 Q - a scroll of vulnerability
Potions
 d - 3 potions of curing
 l - 4 potions of degeneration
 n - a potion of magic {unknown}
 r - 2 potions of might
 u - 3 potions of ambrosia
 v - a potion of flight


   Skills:
 + Level 6.8 Fighting
 + Level 10.4 Maces & Flails
 + Level 3.5 Bows
 + Level 0.2 Throwing
 + Level 6.8 Dodging
 + Level 3.7 Stealth


You had 10 spell levels left.
You didn't know any spells.
Your spell library contained the following spells:

 Spells                   Type           Power      Damage    Failure   Level
 Magic Dart               Conj           0%         1d3       21%         1
 Stone Arrow              Conj/Erth      0%         3d7       50%         3
 Animate Armour           Summ/Erth      0%         N/A       86%         4
 Iskenderun's Battlesphe  Conj           0%         2d6       99%         5
 Iron Shot                Conj/Erth      0%         9d1       100%        6
 Spellforged Servitor     Conj/Summ      0%         N/A       100%        7
 Lehudib's Crystal Spear  Conj/Erth      0%         10d2      100%        8


Dungeon Overview and Level Annotations

Branches:
Dungeon (9/15)             Temple (1/1) D:6            Lair (0/6) D:9
 Bailey (visited)
    Orc: D:9-12

Altars:
Ashenzari
Cheibriados
Dithmenos
Elyvilon
Fedhas
Gozag
Hepliaklqana
Kikubaaqudgha
Nemelex Xobeh
Okawaru
Qazlal
Ru
Sif Muna
Trog
Uskayaw
Vehumet
Xom
Yredelemnul
Zin
Lugonu

Shops:
D:1 =   D:5 :


Innate Abilities, Weirdness & Mutations

Your life essence is reduced to manifest your ancestor. (-10% HP)
You are too large for most types of armour.
You have claws for hands.
Your natural rate of healing is unusually fast.
You are covered in fur. (AC +1)
You have tough skin. (AC +1)


Message History

The puff of frost hits the killer bee!
The killer bee stings you!
You are poisoned.
The killer bee poisons you!
You feel very sick.
The killer bee misses Yamquzzuhalamma.
The wolf misses you. The killer bee closely misses you.
You feel sick.
The killer bee barely misses Yamquzzuhalamma.
Yamquzzuhalamma barely misses the killer bee.
The killer bee stings Yamquzzuhalamma.
The killer bee stings you. The wyvern bites you!
You feel very mighty all of a sudden.
You feel sick. The wolf misses you.
The killer bee stings Yamquzzuhalamma.
Yamquzzuhalamma is destroyed!
The killer bee barely misses you. The wyvern bites you! The wolf bites you.
The killer bee barely misses you.
You sock the wyvern! You freeze the wyvern.
The wyvern is heavily wounded.
You feel sick. The wolf bites you.
* * * LOW HITPOINT WARNING * * *
The wyvern bites you but does no damage.
The killer bee closely misses you.
You feel sick. The killer bee closely misses you. The wolf bites you!
* * * LOW HITPOINT WARNING * * *
You closely miss the killer bee.
You feel sick. The wolf closely misses you. The wolf bites you.
* * * LOW HITPOINT WARNING * * *
You sock the killer bee! You freeze the killer bee.
You kill the killer bee!
You feel sick. The wolf barely misses you. The killer bee stings you.
* * * LOW HITPOINT WARNING * * *
You are more poisoned.
The killer bee poisons you!
You feel sick. The killer bee misses you. The wolf bites you!
* * * LOW HITPOINT WARNING * * *
As you read the scroll of fog, it crumbles to dust.
The scroll dissolves into smoke.
You feel sick. The killer bee barely misses you.
The wolf bites you but does no damage. The killer bee closely misses you.
The wyvern bites you!
You die...

..##.
.###.....<###...
....# #.....##
#... ##....# #..##
##....#
#..###..##..# .
##..##..####.#
..###§§..§.## ..#
........§§§.## #.#
........§@§.### .
.......§lyh§..##
......###§.....###
.....# #.........#
#.....##.....###..
............## .
.#..........##
#.......††...###..
.......†..........


You could see a wyvern, a wolf and a killer bee.

Vanquished Creatures
  Erica (D:8)
  A wyvern (D:9)
  A basilisk (D:9)
  Menkaure (D:7)
  A water moccasin (D:9)
  A black bear (D:9)
  A sky beast (D:7)
  An orc warrior (Bailey)
  The ghost of poover the Conjurer, an amateur FeCj of Gozag (D:4)
  An ogre (D:4)
  A centaur (D:8)
  A lemure (D:7)
  A phantom (D:4)
  2 bullfrogs
  2 gnoll sergeants (D:8)
  3 scorpions
  7 killer bees
  3 wights
  A centaur zombie (D:8)
  4 jellies
  2 orc priests
  4 hounds
  A centaur skeleton (D:4)
  Jessica (D:2)
  2 iguanas (D:5)
  2 orc wizards
  Robin (D:2)
  A gnoll (D:7)
  5 adders
  2 ufetubi
  A worm (D:2)
  3 dart slugs
  18 orcs
  7 ball pythons
  6 bats
  11 endoplasms
  16 goblins
  8 hobgoblins
  6 jackals
  4 quokkas
  10 frilled lizards
  6 kobolds
  9 rats
161 creatures vanquished.

Vanquished Creatures (collateral kills)
  A hydra (D:7)
  Pikel (D:7)
  2 orc knights (Bailey)
  A hornet (D:7)
  A wyvern (D:9)
  A basilisk (D:9)
  A steam dragon (D:8)
  Edmund (D:6)
  3 water moccasins
  An orc warrior (Bailey)
  An ogre (D:6)
  3 sky beasts
  A black bear (D:9)
  2 ice beasts
  2 centaurs
  2 lemures (D:7)
  3 bullfrogs
  A water moccasin zombie (D:6)
  2 wyvern skeletons (D:7)
  2 scorpions (D:5)
  A water moccasin skeleton (D:5)
  5 killer bees (D:8)
  A howler monkey (D:9)
  4 wights
  A jelly (D:6)
  2 centaur zombies
  A hound (D:5)
  An orc priest (D:6)
  3 orc wizards
  2 adders (D:5)
  3 gnolls (D:7)
  2 white imps
  An ufetubus (D:7)
  17 orcs
  5 goblins
81 creatures vanquished.

Vanquished Creatures (others)
  5 battlemagi
  19 plants
24 creatures vanquished.

Grand Total: 266 creatures vanquished

Notes
Turn   | Place    | Note
-------+----------+-------------------------------------------
     0 | D:1      | issech the Troll Monk began the quest for the Orb.
     0 | D:1      | Reached XP level 1. HP: 22/22 MP: 0/0
   231 | D:1      | Found Xopaw's Jewellery Emporium.
   244 | D:1      | Reached XP level 2. HP: 29/29 MP: 1/1
   248 | D:1      | Reached skill level 3 in Maces & Flails
   691 | D:1      | Reached XP level 3. HP: 36/36 MP: 2/2
   846 | D:2      | Found a shadowy altar of Dithmenos.
  1404 | D:2      | Reached XP level 4. HP: 43/44 MP: 3/3
  1433 | D:2      | Noticed Jessica
  1445 | D:2      | Killed Jessica
  1560 | D:2      | Noticed Robin
  1644 | D:2      | Killed Robin
  1645 | D:2      | Reached skill level 4 in Maces & Flails
  1988 | D:3      | Reached XP level 5. HP: 9/53 MP: 4/4
  2181 | D:3      | Found an ancient bone altar of Kikubaaqudgha.
  2184 | D:3      | Found a radiant altar of Vehumet.
  2185 | D:3      | Found a shimmering blue altar of Sif Muna.
  2200 | D:3      | Got Vehumet's Papyrus of Conjuration
  2298 | D:3      | Found a bloodstained altar of Trog.
  2298 | D:3      | Found a blossoming altar of Fedhas.
  2605 | D:4      | Noticed a phantom
  2623 | D:4      | Killed a phantom
  2624 | D:4      | Reached XP level 6. HP: 30/61 MP: 5/5
  2694 | D:4      | Found a transporter.
  2700 | D:4      | Found a transporter.
  2701 | D:4      | Noticed poover's ghost (amateur FeCj)
  2938 | D:4      | Reached skill level 5 in Maces & Flails
  3184 | D:4      | Found a hide-covered altar of Uskayaw.
  3343 | D:4      | Reached XP level 7. HP: 68/68 MP: 6/6
  3656 | D:4      | Found a hazy altar of Hepliaklqana.
  3662 | D:4      | Became a worshipper of Hepliaklqana the Forgotten
  3662 | D:4      | Reached * piety under Hepliaklqana
  3662 | D:4      | Reached ** piety under Hepliaklqana
  3667 | D:4      | Remembered your ancestor Yamquzzuhalamma as a battlemage
  3735 | D:4      | Killed poover's ghost
  3805 | D:5      | Entered Level 5 of the Dungeon
  3810 | D:5      | Reached skill level 6 in Maces & Flails
  3820 | D:5      | Reached XP level 8. HP: 61/70 MP: 7/7
  3962 | D:5      | Found a white marble altar of Elyvilon.
  4017 | D:5      | Reached skill level 7 in Maces & Flails
  4032 | D:5      | Found Regg's Book Shoppe.
  4201 | D:5      | Found a shimmering altar of Xom.
  4564 | D:6      | Found an opulent altar of Gozag.
  4611 | D:6      | Found a staircase to the Ecumenical Temple.
  4621 | D:6      | Noticed Edmund
  4632 | D:6      | Killed Edmund
  4633 | D:6      | Reached skill level 8 in Maces & Flails
  4771 | Temple   | Entered the Ecumenical Temple
  4992 | D:6      | Reached XP level 9. HP: 63/78 MP: 8/8
  5002 | D:6      | Reached skill level 5 in Fighting
  5397 | D:6      | Found a sparkling altar of Nemelex Xobeh.
  5624 | D:7      | Noticed Menkaure
  5630 | D:7      | Killed Menkaure
  5639 | D:7      | Found a flagged portal.
  5642 | D:7      | Noticed a six-headed hydra
  5845 | Bailey   | Entered a bailey
  5860 | Bailey   | Reached skill level 9 in Maces & Flails
  6031 | Bailey   | Noticed an orc knight
  6032 | Bailey   | Noticed an orc knight
  6221 | Bailey   | Killed an orc knight
  6222 | Bailey   | Reached skill level 1 in Bows
  6222 | Bailey   | Reached skill level 5 in Dodging
  6330 | Bailey   | Found the +15 Maxwell's patent armour {-Cast -Tele rElec
                  | Will+ rCorr}
  6379 | Bailey   | Killed an orc knight
  6567 | D:7      | Reached XP level 10. HP: 88/88 MP: 9/9
  6778 | D:7      | Killed a six-headed hydra
  6783 | D:7      | Reached *** piety under Hepliaklqana
  6896 | D:7      | Noticed Pikel
  6910 | D:7      | Killed Pikel
  7250 | D:8      | Noticed Erica
  7266 | D:8      | Killed Erica
  7395 | D:8      | Reached skill level 10 in Maces & Flails
  8072 | D:9      | Reached XP level 11. HP: 84/96 MP: 10/10
  8079 | D:9      | Found a staircase to the Lair.
  8177 | D:9      | HP: 4/96 [poisoned by a killer bee]
  8177 | D:9      | Mangled by a wyvern

Illustrated notes

Levels and vault maps discovered:
D:1:      elethiomel_arrival_infinity_welcomes_careful_drivers, layout_basic,
          serial_shops, shop, corexii_corridor_pit, minmay_lizard_king
D:2:      layout_loops_corners, basic_altar, uniq_jessica, uniq_robin
D:3:      layout_loops_ring, grunt_temple_overflow_magic_moments,
          gammafunk_temple_overflow_elements
D:4:      layout_loops_corners, nicolae_uskayaw_murder_on_the_dancefloor,
          nicolae_hepliaklqana_hippocampus, gammafunk_ghost_arena
D:5:      layout_rooms, lemuel_round_altar, mainiacjoe_overflow_alcove_2,
          serial_shops, nicolae_take_the_stairs, nrook_pool_corridor
D:6:      layout_basic, nicolae_gozag_cash_rules_everything_around_me,
          nemelex_xobeh_ov_fountains_minmay, minmay_temple_entry_gardened_gates,
          uniq_edmund
D:7:      layout_cave_pools, enter_bailey_3, uniq_menkaure, uniq_pikel
D:8:      layout_rooms, hangedman_minor_gate_pass, uniq_erica
D:9:      layout_layer_cave, lemuel_tele_altar, minmay_lair_entry_grove
Temple:   corrupted_temple

Skill      XL: |  1  2  3  4  5  6  7  8  9 10 |
---------------+-------------------------------+-----
Maces & Flails | 3 4 5 6 8 9 10 | 10.4
Fighting       | 3 4 5 6 |  6.8
Dodging        | 3 4 5 6 |  6.8
Stealth        | 2 3 |  3.7
Bows           | 2 3 |  3.5
Throwing       | |  0.2

Action                   |  1- 3 |  4- 6 |  7- 9 | 10-12 || total
-------------------------+-------+-------+-------+-------++-------
Melee: Mace              |   132 |   160 |    11 |    72 ||   375
       Punch             |     1 |     4 |       |     3 ||     8
       Giant club        |       |    23 |    45 |       ||    68
       Giant spiked club |       |       |    52 |       ||    52
       Flail             |       |       |    22 |    26 ||    48
 Fire: Longbow           |       |       |    15 |     4 ||    19
Throw: Stone             |       |     1 |       |     2 ||     3
Invok: Ancestor Life: Ba |       |       |     1 |       ||     1
       Recall Ancestor   |       |       |     1 |       ||     1
  Use: Scroll            |       |       |    12 |     3 ||    15
       Potion            |       |       |       |     1 ||     1
 Stab: Sleeping          |     2 |     5 |     3 |     3 ||    13
       Distracted        |       |     1 |     1 |     2 ||     4
Armor: Robe              |    51 |    66 |    31 |    68 ||   216
Dodge: Dodged            |    87 |    94 |   124 |   102 ||   407

Table legend: (Time is in decaauts)
 A = Elapsed time spent in this place.
 B = Non-inter-level travel time spent in this place.
 C = Inter-level travel time spent in this place.
 D = Time resting spent in this place.
 E = Time spent auto-exploring this place.
 F = Levels seen in this place.
 G = Mean time per level.
                   A        B        C        D        E       F      G
               +--------+--------+--------+--------+--------+-----+--------+
         Total |   8335 |   7897 |    438 |    521 |   3253 |  11 |  757.7 |
       Dungeon |   7540 |   7102 |    438 |    493 |   3100 |   9 |  837.8 |
        Temple |     53 |     53 |      0 |      0 |     27 |   1 |   53.0 |
        Bailey |    742 |    742 |      0 |     28 |    126 |   1 |  742.0 |
               +--------+--------+--------+--------+--------+-----+--------+

Top non-repeatable levels by time:
     D:4: 1266 daAuts
     D:6: 1089 daAuts
     D:2: 1059 daAuts
     D:8: 918 daAuts
     D:1: 887 daAuts
     D:5: 757 daAuts
  Bailey: 742 daAuts
     D:7: 738 daAuts
     D:3: 672 daAuts
     D:9: 151 daAuts
  Temple: 53 daAuts
